 Dungeon Crawl Stone Soup version 0.29.1-15-g9cfb28693d (webtiles) character file.

Game seed: 2339315568899333680

247 Mysteryquy the Insei (level 5, -14/37 HPs)
             Began as a Demonspawn Transmuter on May 2, 2023.
             Was an Initiate of Qazlal.
             Killed by an exploding butterfly (25 damage)
             ... ignited by their inner flame
             ... on level 4 of the Dungeon.
             The game lasted 00:08:39 (6123 turns).

Mysteryquy the Insei (Demonspawn Transmuter)        Turns: 6123, Time: 00:08:40

Health: -14/37     AC:  4    Str:  9 (10) XL:     5   Next: 85%
Magic:  8/8        EV: 13    Int: 16      God:    Qazlal [......]
Gold:   293        SH:  0    Dex: 14      Spells: 5/9 levels left

rFire   . . .      SeeInvis .     - Unarmed
rCold   . . .      Faith    .   (no shield)
rNeg    . . .      Spirit   .   a - +0 robe
rPois   .          Reflect  .   (no helmet)
rElec   .          Harm     .   (no cloak)
rCorr   .          Rampage  .   h - +1 pair of gloves
Will    .....                   (no boots)
Stlth   ++........              (no amulet)
HPRegen 0.12/turn               (no ring)
MPRegen 0.11/turn               (no ring)

@: weak-willed
A: foul stench 2, demonic touch 1
a: Renounce Religion


You were on level 4 of the Dungeon.
You worshipped Qazlal.
Qazlal was noncommittal.
You visited 2 branches of the dungeon, and saw 5 of its levels.

You collected 293 gold pieces.

Inventory:

Armour
 a - a +0 robe (worn)
 h - a +1 pair of gloves (worn)
Jewellery
 g - a ring of magical power
Scrolls
 b - a scroll of enchant weapon
 c - a scroll of silence
 d - a scroll of identify
 j - a scroll of acquirement {unknown}
 k - a scroll of teleportation {unknown}
 m - a scroll of butterflies
 o - 2 scrolls of vulnerability
Potions
 i - 2 potions of flight
 l - 3 potions of curing {unknown}
 n - a potion of mutation {unknown}
 p - 2 potions of magic {unknown}


   Skills:
 + Level 1.6 Fighting
 + Level 3.2 Dodging
 + Level 1.6 Stealth
 + Level 4.2 Unarmed Combat
 + Level 2.5 Spellcasting
 + Level 2.1 Transmutations
 + Level 0.5 Poison Magic


You had 5 spell levels left.
You knew the following spells:

 Your Spells              Type           Power      Damage    Failure   Level
a - Beastly Appendage     Tmut           16%        N/A       9%          1
b - Spider Form           Tmut/Pois      6%         N/A       34%         3

Your spell library contained the following spells:

 Spells                   Type           Power      Damage    Failure   Level
 Wereblood                Tmut           8%         N/A       12%         2
 Magic Dart               Conj           8%         1d3       21%         1
 Slow                     Hex            8%         N/A       21%         1
 Searing Ray              Conj           4%         2d4       30%         2
 Confusing Touch          Hex            2%         N/A       52%         3
 Frozen Ramparts          Ice            4%         1d1       52%         3
 Gell's Gravitas          Tloc           2%         N/A       52%         3
 Lesser Beckoning         Tloc           2%         N/A       52%         3
 Teleport Other           Tloc           2%         N/A       52%         3
 Vampiric Draining        Necr           2%         2d6       52%         3
 Ice Form                 Ice/Tmut       5%         N/A       77%         4
 Fulminant Prism          Conj/Hex       1%         3d6       89%         4
 Summon Ice Beast         Ice/Summ       2%         N/A       89%         4


Dungeon Overview and Level Annotations

Branches:
Dungeon (4/15)             Temple (1/1) D:4

Altars:
Cheibriados
Fedhas
Gozag
Kikubaaqudgha
Nemelex Xobeh
Qazlal
Uskayaw
Vehumet
Wu Jian
Xom
Yredelemnul

Shops:
D:1 =   D:3 (


Innate Abilities, Weirdness & Mutations

You sometimes emit foul miasma when damaged in melee.
Your touch may inflict minor irresistible damage on your foes.


Message History

As you read the scroll labelled PUGRYUG PEGI, it crumbles to dust.
It is a scroll of identify.
c - a scroll of silence
As you read the scroll labelled DETUKH ARANN, it crumbles to dust.
The creatures around you are filled with an inner flame!
It was a scroll of immolation.
As you read the scroll labelled OVVUOT YCUEZXA, it crumbles to dust.
It is a scroll of enchant armour.
Your +0 pair of gloves glows green for a moment.
The orc warrior misses your butterfly.
The orc warrior hits your butterfly with a +2 antimagic battleaxe!
Your butterfly disappears in a burst of colours!
The orc warrior hits your butterfly with a +2 antimagic battleaxe!
Your butterfly disappears in a burst of colours!
The orc warrior hits your butterfly with a +2 antimagic battleaxe!!
Your butterfly disappears in a burst of colours!
Your butterfly explodes!
The fiery explosion engulfs the orc!!!
Qazlal accepts your kill.
The fiery explosion engulfs your butterfly!!
Your butterfly disappears in a burst of colours!
The fiery explosion engulfs the orc warrior!!
Flame seeps out of the orc warrior.
The orc warrior is almost dead.
Your butterfly explodes!
The orc explodes!
The fiery explosion engulfs the orc warrior!!
Qazlal accepts your kill.
The orc warrior explodes!
The fiery explosion engulfs your butterfly!!!
Your butterfly disappears in a burst of colours!
Your butterfly explodes!
The fiery explosion engulfs you!!
Ouch! That really hurt!
* * * LOW HITPOINT WARNING * * *
The fiery explosion engulfs your butterfly!
Your butterfly disappears in a burst of colours!
Your butterfly explodes!
The fiery explosion engulfs you!!
Ouch! That really hurt!
You die...

# #..o8#o#..####.....# #
#.$ ...#..# #.....# # .
#8oo##.o# #..)..# ..$##
#..## #.....# ###.
#o..###.....##### #
#..o.####.......#
####...o# #.#####.#
......##§####.#####.##.#
..#.#.o§§§§@b.##.......#
#....§§§§§#.##.##.####
#.#.##§##b#^##.##.# ####
......§.##.#.......#
...#######.#####......####
......# # ........####
##.##.### #######.##
##......# #...# ###
#####.#.# #...# ### #.†


You could see an orc (inner flame).

Vanquished Creatures
  An orc warrior (D:4)
  An orc priest (D:4)
  3 orc wizards
  7 adders
  A worm (D:3)
  8 orcs
  6 ball pythons
  4 giant cockroaches
  6 goblins
  6 hobgoblins
  7 jackals
  9 kobolds
  3 quokkas
  5 bats
  5 frilled lizards
  5 rats
77 creatures vanquished.

Vanquished Creatures (others)
  A kobold (D:3)
  2 plants (D:4)
3 creatures vanquished.

Grand Total: 80 creatures vanquished

Notes
Turn   | Place    | Note
-------+----------+-------------------------------------------
     0 | D:1      | Mysteryquy the Demonspawn Transmuter began the quest for
                  | the Orb.
     0 | D:1      | Reached XP level 1. HP: 15/15 MP: 3/3
   105 | D:1      | Found Weunuwn's Jewellery Shop.
   364 | D:1      | Reached skill level 3 in Unarmed Combat
   540 | D:1      | Gained mutation: You may rarely emit foul miasma when
                  | damaged in melee. [demonic ancestry]
   540 | D:1      | Reached XP level 2. HP: 21/21 MP: 5/5
  1601 | D:2      | Reached XP level 3. HP: 25/26 MP: 6/6
  1605 | D:2      | Learned a level 3 spell: Spider Form
  2239 | D:2      | Found a faded altar of an unknown god.
  3097 | D:2      | Gained mutation: You sometimes emit foul miasma when
                  | damaged in melee. [demonic ancestry]
  3097 | D:2      | Reached XP level 4. HP: 22/32 MP: 7/7
  3282 | D:3      | Found Ytorivac's Weapon Emporium.
  3356 | D:3      | Found a radiant altar of Vehumet.
  3448 | D:3      | Found a shimmering altar of Xom.
  3533 | D:3      | Reached skill level 1 in Stealth
  3682 | D:3      | Found a blossoming altar of Fedhas.
  4334 | D:3      | Gained mutation: Your touch may inflict minor irresistible
                  | damage on your foes. [demonic ancestry]
  4334 | D:3      | Reached XP level 5. HP: 37/37 MP: 4/8
  4384 | D:3      | Reached skill level 4 in Unarmed Combat
  5323 | D:4      | Found a staircase to the Ecumenical Temple.
  5332 | Temple   | Entered the Ecumenical Temple
  5375 | Temple   | Became a worshipper of Qazlal Stormbringer
  6104 | D:4      | Noticed an orc warrior
  6123 | D:4      | Killed an orc warrior
  6123 | D:4      | Killed by an exploding butterfly... ignited by their inner
                  | flame

Illustrated notes

Levels and vault maps discovered:
D:1:      dpeg_arrival_short_road, layout_loops_ring, serial_shops,
          nicolae_shop_waterfront, nicolae_figureground_sparkle
D:2:      layout_loops_corners, serial_forest, infiniplex_forest_straight_5,
          infiniplex_forest_corner_1, infiniplex_forest_corner_1,
          infiniplex_forest_clump_tiny, infiniplex_forest_zigzag_1,
          infiniplex_forest_lined_2, dilly_ecumenical_altar_fadedgnrine
D:3:      layout_basic, xom_teletrap_fun, mainiacjoe_overflow_catwalk,
          mainiacjoe_overflow_paths, serial_shops,
          nicolae_shop_bloodbath_and_beyond
D:4:      layout_loops_cross, mainiacjoe_overflow_boulevard,
          minmay_temple_entry_gardened_gates, guppyfry_early_orc_mine
Temple:   jpeg_temple_island

Skill      XL: |  1  2  3  4  5 |
---------------+----------------+-----
Unarmed Combat | 3 4 |  4.2
Dodging        | 2 3 |  3.2
Stealth        | 1 |  1.6
Transmutations | 2 |  2.1
Fighting       | |  1.6
Spellcasting   | |  2.5
Poison Magic   | |  0.5

Action                   |  1- 3 |  4- 6 || total
-------------------------+-------+-------++-------
Melee: Unarmed           |   161 |   127 ||   288
       Headbutt          |     4 |       ||     4
       Kick              |     3 |       ||     3
       Punch             |     1 |     1 ||     2
       Touch             |       |    11 ||    11
 Cast: Beastly Appendage |     2 |     1 ||     3
       Spider Form       |     1 |     5 ||     6
  Use: Potion            |     3 |     1 ||     4
       Scroll            |       |     6 ||     6
 Stab: Sleeping          |     4 |     1 ||     5
Armor: Robe              |    45 |    27 ||    72
       Skin              |       |     3 ||     3
Dodge: Dodged            |   115 |    83 ||   198
